 Dungeon Sprint DCSS version 0.21.0-24-g2553a33 (webtiles) character file.

30090 letownia2 the Wrestler (level 13, -1/146 HPs)
             Began as a Troll Wizard on Jan 19, 2018.
             Was an Initiate of Gozag.
             Killed from afar by an efreet (4 damage)
             ... with a bolt of fire
             ... in the Dungeon (Sprint I: "Red Sonja").
             The game lasted 00:31:32 (3294 turns).

letownia2 the Wrestler (Troll Wizard)               Turns: 3294, Time: 00:31:32

Health: -1/146     AC: 16    Str: 24 (25) XL:     13   Next: 18%
Magic:  21/21      EV: 15    Int: 22 (24) God:    Gozag
Gold:   75         SH: 11    Dex:  7      Spells: 16/25 levels left

rFire    + + +     SeeInvis +     - Unarmed
rCold    + + +     Gourm    +   x - +0 shield
rNeg     . . .     Faith    .   a - +0 swamp dragon scales
rPois    +         Spirit   .   w - +0 hat
rElec    +         Reflect  .   v - +5 cloak "Paisaoxe" {rF+++ rCorr Dex-3 SInv}
rCorr    +         Harm     .   (gloves unavailable)
MR       .....     NoTele   +   (boots unavailable)
Stlth    +.........             E - amulet "Caduirch" {rElec rC+ Regen+ Int+2 SInv}
HPRegen  1.14/turn              D - ring "Iloppif" {Fire Int+4 Dex+2 Slay+5}
MPRegen  0.17/turn              C - ring of Begefaec {+Fly rElec rC+++ Int+2 Dex-5}

@: mighty, agile
A: large, unfitting armour, claws 3, deterioration 1, fast metabolism 3,
gourmand, regeneration 1, shaggy fur 1, tough skin 2
0: Orb of Zot
a: Potion Petition, Call Merchant, Bribe Branch, Renounce Religion, Evoke Flight


You were in the Dungeon.
You worshipped Gozag.
Gozag was noncommittal.
You were not hungry.

You visited 1 branch You collected 10674 gold pieces.
You spent 7223 gold pieces at shops.
You paid 3376 gold pieces to Gozag.

Inventory:

Hand Weapons
 b - the +7 morningstar of Gicruo {holy, rPois rF- rN+ Int+9}
   (You found it in the Dungeon)

   It has been blessed by the Shining One to cause great damage to the undead
   and demons.
   It affects your intelligence (+9).
   It makes you vulnerable to fire.
   It protects you from poison.
   It protects you from negative energy.
 o - a +0 blowgun
Missiles
 p - 9 curare-tipped needles
 H - 4 throwing nets (quivered)
Armour
 a - +0 swamp dragon scales (worn)
 v - the +5 cloak "Paisaoxe" (worn) {rF+++ rCorr Dex-3 SInv}
   (You bought it in a shop in the Dungeon)

   It affects your dexterity (-3).
   It renders you almost immune to fire.
   It lets you see invisible.
   It protects you from acid and corrosion.
 w - a +0 hat (worn)
 x - a +0 shield (worn)
 K - the +1 robe of the Blacksmith {rCorr Int+4 Dex+7}
   (You found it in the Dungeon)

   It affects your intelligence (+4).
   It affects your dexterity (+7).
   It protects you from acid and corrosion.
 L - a +2 large shield of poison resistance
Jewellery
 C - the ring of Begefaec (right claw) {+Fly rElec rC+++ Int+2 Dex-5}
   (You bought it in a shop in the Dungeon)

   [ring of intelligence]

   It affects your intelligence (+2).
   It affects your dexterity (-5).
   It renders you almost immune to cold.
   It insulates you from electricity.
   It lets you fly.
 D - the ring "Iloppif" (left claw) {Fire Int+4 Dex+2 Slay+5}
   (You bought it in a shop in the Dungeon)

   [ring of fire]

   It enhances your fire magic.
   It affects your intelligence (+4).
   It affects your dexterity (+2).
   It affects your accuracy and damage with ranged weapons and melee attacks
   (+5).
   It protects you from fire.
   It makes you vulnerable to cold.
 E - the amulet "Caduirch" (around neck) {rElec rC+ Regen+ Int+2 SInv}
   (You bought it in a shop in the Dungeon)

   [amulet of regeneration]

   It affects your intelligence (+2).
   It protects you from cold.
   It insulates you from electricity.
   It lets you see invisible.
   It increases your rate of regeneration.
 F - the ring of Polytheism {EV+6 Str+3}
   (You bought it in a shop in the Dungeon)

   [ring of evasion]

   It affects your evasion (+6).
   It affects your strength (+3).
 J - an uncursed ring of poison resistance
Wands
 k - a wand of flame (26)
 n - a wand of iceblast (4)
Scrolls
 i - 4 scrolls of identify
 m - a scroll of enchant weapon {unknown}
 s - 3 scrolls of fear
 A - 2 scrolls of fog {unknown}
 B - a scroll of immolation {unknown}
Potions
 h - 2 potions of magic
 l - a potion of invisibility
 q - a potion of mutation
 t - a potion of lignification
 u - a potion of agility
 z - a potion of berserk rage
Books
 c - a book of Minor Magic

   Spells                             Type                      Level
   a - Magic Dart                     Conjuration                  1
   b - Blink                          Translocation                2
   c - Call Imp                       Summoning                    2
   d - Slow                           Hexes                        2
   e - Conjure Flame                  Conjuration/Fire             3
   f - Mephitic Cloud                 Conjuration/Poison/Air       3
 G - a book of Geomancy

   Spells                             Type                      Level
   a - Sandblast                      Earth                        1
   b - Passwall                       Transmutation/Earth          2
   c - Stone Arrow                    Conjuration/Earth            3
   d - Petrify                        Transmutation/Earth          4
   e - Lee's Rapid Deconstruction     Earth                        5
Miscellaneous
 I - a fan of gales
Comestibles
 d - 3 rations


   Skills:
 - Level 14.2 Fighting
 + Level 2.6 Armour
 - Level 4.8 Dodging
 - Level 1.0 Stealth
 + Level 9.9 Shields
 - Level 22.7 Unarmed Combat
 - Level 6.5 Spellcasting
 - Level 4.4 Conjurations
   Level 0.6 Summonings
 - Level 2.1 Translocations
 - Level 2.1 Fire Magic
 - Level 2.8 Air Magic
 - Level 3.0 Poison Magic


You had 16 spell levels left.
You knew the following spells:

 Your Spells              Type           Power        Failure   Level  Hunger
a - Magic Dart            Conj           ####         1%          1    None
b - Blink                 Tloc           N/A          9%          2    None
c - Conjure Flame         Conj/Fire      ####....     10%         3    #......
e - Mephitic Cloud        Conj/Pois/Air  ###.....     10%         3    #......


Dungeon Overview and Level Annotations

Branches:
Dungeon (1/1)

Altars:
Cheibriados
Dithmenos
Elyvilon
Fedhas
Gozag
Hepliaklqana
Kikubaaqudgha
Makhleb
Nemelex Xobeh
Okawaru
Qazlal
Ru
Sif Muna
Trog
Uskayaw
Vehumet
Wu Jian
Xom
Yredelemnul
Zin
The Shining One
Jiyva
Lugonu

Shops:
D (!(!(((!*[[([[:[}=%=([*[((

Annotations:
D Lom Lobon, Tiamat


Innate Abilities, Weirdness & Mutations

You are too large for most types of armour.
You have claws for hands.
Your metabolism is lightning-fast.
You like to eat raw meat.
Your natural rate of healing is unusually fast.
You are covered in fur. (AC +1)
You have very tough skin. (AC +2)
Your body sometimes deteriorates upon taking damage.


Message History

Your body deteriorates!
You feel weakened. The arrow burns you.
* * * LOW HITPOINT WARNING * * *
Things that are here:
2 arrows; a glowing trident Unknown command.
Unknown command.
Evoke which item? (* to show all) (? for menu, Esc to quit)
Aiming: Iceblast
Press: ? - help, Shift-Dir - straight line, f - efreet
Aim: an efreet, wielding a brightly glowing morningstar {protect} and wearing a glowing robe (almost dead)
The mass of ice explodes!
The iceblast engulfs the efreet.
The efreet is almost dead.
The deep elf master archer shoots an arrow.
The arrow hits you!
* * * LOW HITPOINT WARNING * * *
The efreet gestures at you. The bolt of fire hits you! You resist.
You die...
Your body crumbles into a pile of gold.

...)...###....#
*§§§######## $$
...#####§§..### §§§§# $
..##...§§§..#$$ '§≈≈' $
.##..§.§.§..#$$$
.#......§.§§#$$$$ ##'
######..§§§§#$$$$ ≈≈≈≈
≈≈≈≈.#^§.§§§#######≈≈≈≈≈
######..§§§§§R)#)}'$$.e≈
.+....§.....#[.(@)#$$$$$$$$
###################


You could see a deep elf master archer and an efreet.

Vanquished Creatures
  A golden dragon (D)
  A shadow dragon (D)
  4 fire giants (D)
  A deep elf annihilator (D)
  A lorocyproca (D)
  A mummy priest (D)
  A hydra (D)
  2 centaur warriors (D)
  Sonja (D)
  A deep troll (D)
  7 unseen horrors (D)
  A lindwurm (D)
  2 oklob plants (D)
  8 shining eyes (D)
  2 merfolk sirens (D)
  A gargoyle (D)
  2 kobold demonologists (D)
  4 demonic crawlers (D)
  A hellwing (D)
  5 hornets (D)
  A slime creature (D)
  Sigmund (D)
  2 redbacks (D)
  13 hogs (D)
  A yak (D)
  7 floating eyes (D)
  An ogre (D)
  7 necrophages (D)
  8 jellies (D)
  Ijyb (D)
  3 ballistomycetes (D)
92 creatures vanquished.

Vanquished Creatures (others)
  A gargoyle (D)
  8 ball lightnings (D)
  2 ballistomycete spores (D)
11 creatures vanquished.

Grand Total: 103 creatures vanquished

Notes
Turn   | Place    | Note
-------+----------+-------------------------------------------
     0 | D        | letownia2 the Troll Wizard began the quest for the Orb.
     0 | D        | Reached XP level 1. HP: 16/16 MP: 2/2
     2 | D        | Noticed Ijyb
    18 | D        | Killed Ijyb
    18 | D        | Reached skill level 4 in Unarmed Combat
    18 | D        | Reached XP level 2. HP: 25/29 MP: 4/4
    28 | D        | Learned a level 2 spell: Blink
    28 | D        | Noticed an ogre
    35 | D        | Killed an ogre
    35 | D        | Reached skill level 6 in Unarmed Combat
    35 | D        | Reached XP level 3. HP: 36/36 MP: 5/5
    35 | D        | Reached XP level 4. HP: 44/44 MP: 6/6
    40 | D        | Learned a level 3 spell: Mephitic Cloud
    59 | D        | Noticed Sigmund
    70 | D        | Killed Sigmund
    70 | D        | Reached skill level 8 in Unarmed Combat
    70 | D        | Reached skill level 1 in Air Magic
    70 | D        | Reached skill level 1 in Poison Magic
    70 | D        | Reached XP level 5. HP: 50/50 MP: 3/8
    70 | D        | Reached XP level 6. HP: 59/59 MP: 3/9
    91 | D        | Learned a level 3 spell: Conjure Flame
    91 | D        | Found an ornate altar of the Wu Jian Council.
    91 | D        | Found a deep blue altar of Sif Muna.
    96 | D        | Found a radiant altar of Vehumet.
   116 | D        | Found Zaraus's Distillery.
   116 | D        | Found an ancient bone altar of Kikubaaqudgha.
   116 | D        | Found a hazy altar of Hepliaklqana.
   116 | D        | Found a hide-covered altar of Uskayaw.
   116 | D        | Found a basalt altar of Yredelemnul.
   116 | D        | Found an opulent altar of Gozag.
   116 | D        | Found a snail-covered altar of Cheibriados.
   116 | D        | Found a sacrificial altar of Ru.
   116 | D        | Found a shadowy altar of Dithmenos.
   116 | D        | Noticed a yak
   118 | D        | Found a stormy altar of Qazlal.
   118 | D        | Found a blossoming altar of Fedhas.
   118 | D        | Found a bloodstained altar of Trog.
   118 | D        | Found an iron altar of Okawaru.
   118 | D        | Found a glowing golden altar of the Shining One.
   118 | D        | Found a glowing silver altar of Zin.
   118 | D        | Found a white marble altar of Elyvilon.
   123 | D        | Killed a yak
   123 | D        | Reached skill level 9 in Unarmed Combat
   124 | D        | Found a sparkling altar of Nemelex Xobeh.
   129 | D        | Became a worshipper of Gozag Ym Sagoz the Greedy
   157 | D        | Found a viscous altar of Jiyva.
   157 | D        | Found a corrupted altar of Lugonu.
   157 | D        | Noticed a slime creature
   159 | D        | Found a burning altar of Makhleb.
   159 | D        | Found a shimmering altar of Xom.
   162 | D        | Killed a slime creature
   162 | D        | Reached skill level 10 in Unarmed Combat
   162 | D        | Reached XP level 7. HP: 51/71 MP: 1/10
   222 | D        | Noticed Sonja
   233 | D        | Killed Sonja
   233 | D        | Reached skill level 12 in Unarmed Combat
   233 | D        | Reached XP level 8. HP: 83/83 MP: 7/11
   255 | D        | Noticed a deep troll
   262 | D        | Killed a deep troll
   262 | D        | Reached skill level 13 in Unarmed Combat
   360 | D        | Found Urghauzukh's Weapon Boutique.
   374 | D        | Noticed a shining eye
   374 | D        | Noticed a shining eye
   374 | D        | Noticed a shining eye
   379 | D        | Paralysed by a floating eye for 2 turns
   384 | D        | Paralysed by a floating eye for 4 turns
   390 | D        | Killed a shining eye
   390 | D        | Reached skill level 14 in Unarmed Combat
   390 | D        | Reached XP level 9. HP: 93/93 MP: 6/12
   391 | D        | Paralysed by a floating eye for 3 turns
   396 | D        | Paralysed by a floating eye for 2 turns
   403 | D        | Killed a shining eye
   403 | D        | Reached skill level 15 in Unarmed Combat
   465 | D        | Paralysed by a floating eye for 3 turns
   473 | D        | Paralysed by a floating eye for 3 turns
   477 | D        | Paralysed by a floating eye for 2 turns
   477 | D        | Killed a shining eye
   480 | D        | Noticed a shining eye
   483 | D        | Paralysed by a floating eye for 4 turns
   491 | D        | Killed a shining eye
   491 | D        | Reached skill level 16 in Unarmed Combat
   499 | D        | Noticed a shining eye
   499 | D        | Noticed a shining eye
   521 | D        | Killed a shining eye
   521 | D        | Reached XP level 10. HP: 102/102 MP: 2/16
   583 | D        | Killed a gargoyle
   630 | D        | Gained mutation: Your body sometimes deteriorates upon taking damage. [a shining eye]
   649 | D        | Killed a shining eye
   649 | D        | Reached skill level 5 in Spellcasting
   674 | D        | Noticed a shining eye
   674 | D        | Noticed a shining eye
   675 | D        | Paralysed by a floating eye for 2 turns
   679 | D        | Paralysed by a floating eye for 2 turns
   685 | D        | Paralysed by a floating eye for 4 turns
   691 | D        | Killed a shining eye
   691 | D        | Reached skill level 17 in Unarmed Combat
   692 | D        | Killed a shining eye
   710 | D        | Found Garphi's Distillery.
   710 | D        | Found Wuegoung's Weapon Shop.
   710 | D        | Found Fuanler's Weapon Emporium.
   710 | D        | Found Aloly's Antique Weapon Boutique.
   733 | D        | Bought a potion of invisibility for 112 gold pieces
   796 | D        | Noticed a centaur warrior
   802 | D        | Killed a centaur warrior
   806 | D        | Noticed a centaur warrior
   827 | D        | Paralysed by a hornet for 1 turns
   835 | D        | Killed a centaur warrior
   835 | D        | Reached skill level 18 in Unarmed Combat
   907 | D        | Noticed a smoke demon
   909 | D        | Paralysed by a floating eye for 3 turns
   911 | D        | Noticed a sixfirhy
   945 | D        | Bought a potion of lignification for 39 gold pieces
   945 | D        | Bought a potion of lignification for 39 gold pieces
   945 | D        | Bought a potion of agility for 52 gold pieces
   959 | D        | Found Joqiob's Armour Emporium.
   978 | D        | Noticed an oklob plant
  1053 | D        | Killed an oklob plant
  1092 | D        | Reached skill level 19 in Unarmed Combat
  1092 | D        | Reached XP level 11. HP: 102/111 MP: 19/19
  1306 | D        | Killed an unseen horror
  1308 | D        | Killed an unseen horror
  1385 | D        | Got a polished morningstar
  1393 | D        | Found Pajeup's Distillery.
  1393 | D        | Found Elaragg's Weapon Shop.
  1393 | D        | Found Heczoqas's General Store.
  1395 | D        | Found Kegedux's Armour Emporium.
  1395 | D        | Found Baqydoh's Antique Armour Shop.
  1395 | D        | Found Qawapran's Antique Weapon Shoppe.
  1395 | D        | Found Baor's Armour Boutique.
  1395 | D        | Found Ucsiuckaus's Armour Emporium.
  1395 | D        | Found Geisuw Pogu's Gadget Shop.
  1395 | D        | Found Luphuenk's Food Shoppe.
  1398 | D        | Bought a potion of degeneration for 12 gold pieces
  1400 | D        | Found Juypuc's Weapon Boutique.
  1401 | D        | Found Nogyck's Assorted Antiques.
  1401 | D        | Found Leeress's Antique Armour Boutique.
  1402 | D        | Found Xyn Ytz's Antique Weapon Emporium.
  1416 | D        | Bought the +5 cloak "Paisaoxe" {rF+++ rCorr Dex-3 SInv} for 900 gold pieces
  1421 | D        | Bought a +0 shield for 54 gold pieces
  1428 | D        | Bought a scroll labeled VIBYDO LAUS for 25 gold pieces
  1428 | D        | Bought a scroll labeled LYANLO XIMAXO for 25 gold pieces
  1428 | D        | Bought a scroll labeled VIBYDO LAUS for 25 gold pieces
  1428 | D        | Bought a scroll labeled LYANLO XIMAXO for 25 gold pieces
  1428 | D        | Bought a scroll labeled LYANLO XIMAXO for 25 gold pieces
  1428 | D        | Bought a scroll labeled LYANLO XIMAXO for 25 gold pieces
  1428 | D        | Bought a scroll labeled KEUZUTROISK for 25 gold pieces
  1431 | D        | Identified the +7 morningstar of Gicruo {holy, rPois rF- rN+ Int+9} (You found it in the Dungeon)
  1443 | D        | Bought a ration for 50 gold pieces
  1450 | D        | Bought a ration for 60 gold pieces
  1450 | D        | Bought a ration for 60 gold pieces
  1450 | D        | Bought a ration for 60 gold pieces
  1549 | D        | Reached skill level 5 in Shields
  1568 | D        | Noticed a lindwurm
  1578 | D        | Killed a lindwurm
  1601 | D        | Noticed a lorocyproca
  1633 | D        | Killed a lorocyproca
  1815 | D        | Reached skill level 20 in Unarmed Combat
  1833 | D        | Noticed a daeva
  1871 | D        | Noticed a 12-headed hydra
  1893 | D        | Killed a 15-headed hydra
  1953 | D        | Bought the ring of Begefaec {+Fly rElec rC+++ Int+2 Dex-5} for 673 gold pieces
  1955 | D        | Bought the ring "Iloppif" {Fire Int+4 Dex+2 Slay+5} for 918 gold pieces
  2055 | D        | Reached skill level 10 in Fighting
  2063 | D        | Reached XP level 12. HP: 115/125 MP: 20/20
  2064 | D        | Noticed a deep elf annihilator
  2099 | D        | Killed a deep elf annihilator
  2190 | D        | Bought the amulet "Caduirch" {rElec rC+ Regen+ Int+2 SInv} for 831 gold pieces
  2190 | D        | Bought the ring of Polytheism {EV+6 Str+3} for 1278 gold pieces
  2230 | D        | Noticed a shadow dragon
  2230 | D        | Noticed a golden dragon
  2244 | D        | Killed a shadow dragon
  2262 | D        | Killed a golden dragon
  2262 | D        | Reached skill level 21 in Unarmed Combat
  2344 | D        | Found Naulin's Weapon Shoppe.
  2535 | D        | Noticed a fire giant
  2550 | D        | Killed a fire giant
  2550 | D        | Reached skill level 22 in Unarmed Combat
  2564 | D        | Noticed a fire giant
  2582 | D        | Noticed a fire giant
  2590 | D        | Killed a fire giant
  2595 | D        | Killed a fire giant
  2595 | D        | Reached XP level 13. HP: 144/144 MP: 15/21
  2604 | D        | Noticed a fire giant
  2614 | D        | Killed a fire giant
  2615 | D        | Noticed Tiamat
  2641 | D        | Got an opalescent robe
  2662 | D        | Identified the +1 robe of the Blacksmith {rCorr Int+4 Dex+7} (You found it in the Dungeon)
  2668 | D        | Got a warped war axe {vamp}
  2873 | D        | Bought a ration for 60 gold pieces
  2873 | D        | Bought a ration for 60 gold pieces
  2873 | D        | Bought a ration for 60 gold pieces
  2882 | D        | Bought swamp dragon scales for 1400 gold pieces
  2882 | D        | Bought a runed large shield for 210 gold pieces
  2918 | D        | Bought a potion of haste for 120 gold pieces
  2987 | D        | Noticed a mummy priest
  3059 | D        | Killed a mummy priest
  3059 | D        | Noticed a reaper
  3081 | D        | Noticed Lom Lobon
  3176 | D        | Got the Orb of Zot
  3242 | D        | Noticed an Ice Fiend
  3288 | D        | Found the +8 whip "Snakebite" {curare, rPois}
  3291 | D        | Noticed a deep elf master archer
  3294 | D        | HP: 3/146 [deep elf master archer/arrow (14)]
  3294 | D        | Killed from afar by an efreet

Skill      XL: |  1  2  3  4  5  6  7  8  9 10 11 12 13 |
---------------+----------------------------------------+-----
Fighting       | 2 4 6 7 8 10 13 14 | 14.2
Unarmed Combat | 4 6 8 10 12 14 16 19 20 22 | 22.7
Conjurations   | 3 4 |  4.4
Spellcasting   | 3 4 6 |  6.5
Translocations | 2 |  2.1
Air Magic      | 1 2 |  2.8
Poison Magic   | 1 3 |  3.0
Fire Magic     | 2 |  2.1
Dodging        | 3 4 |  4.8
Shields        | 9 |  9.9
Armour         | 2 |  2.6
Stealth        | |  1.0
Summonings     | |  0.6

Action                   |  1- 3 |  4- 6 |  7- 9 | 10-12 | 13-15 || total
-------------------------+-------+-------+-------+-------+-------++-------
Melee: Unarmed           |    19 |    15 |    19 |   201 |    22 ||   276
       Punch             |       |     2 |       |     5 |       ||     7
       Morningstar       |       |       |       |     4 |       ||     4
 Fire: Blowgun           |       |       |     1 |       |       ||     1
Throw: Throwing net      |       |       |       |       |     1 ||     1
 Cast: Mephitic Cloud    |       |     1 |     1 |    13 |     3 ||    18
       Conjure Flame     |       |     1 |    10 |    17 |     4 ||    32
       Blink             |       |       |     3 |     3 |     3 ||     9
       Magic Dart        |       |       |       |     1 |       ||     1
Invok: Call Merchant     |       |       |       |     2 |     2 ||     4
       Potion Petition   |       |       |       |       |     1 ||     1
Evoke: Wand              |     1 |       |     5 |     3 |     6 ||    15
  Use: Scroll            |       |       |       |     5 |     1 ||     6
       Potion            |       |       |       |     3 |     7 ||    10
 Stab: Sleeping          |     1 |     1 |       |       |       ||     2
       Confused          |       |       |       |     6 |       ||     6
       Paralysed         |       |       |       |     1 |       ||     1
  Eat: Chunk             |     2 |     4 |       |       |       ||     6
       Ration            |       |       |       |     5 |     3 ||     8
Armor: Robe              |     4 |       |       |    34 |       ||    38
       Skin              |       |       |       |    20 |       ||    20
       Swamp dragon scal |       |       |       |       |     4 ||     4
Dodge: Dodged            |     4 |     4 |     1 |    64 |     2 ||    75
Block: Shield            |       |       |       |    32 |     4 ||    36
